 Dungeon Crawl Stone Soup version 0.24-a0-7-g1bb0902669 (webtiles) character file.

8375 Adamkad1 the Schismatic (level 11, 0/80 HPs)
             Began as a Formicid Abyssal Knight on Jan 28, 2019.
             Was an Elder of Lugonu.
             Slain by a sixfirhy (3 damage)
             ... summoned by Lugonu's corruption
             ... on level 10 of the Dungeon on Jan 31, 2019.
             The game lasted 00:27:50 (16520 turns).

Adamkad1 the Schismatic (Formicid Abyssal Knight)  Turns: 16520, Time: 00:27:51

Health: 0/80       AC: 20    Str: 22    XL:     11   Next: 54%
Magic:  13/18      EV:  8    Int: 12    God:    Lugonu [****..]
Gold:   150        SH:  0    Dex: 10    Spells: 10/10 levels left

rFire    . . .     SeeInvis +   h - +0 quarterstaff
rCold    + . .     Gourm    .   (no shield)
rNeg     + + +     Faith    .   b - +3 plate armour of Indemnity {-Tele *Contam rElec rN+++}
rPois    .         Spirit   .   (helmet unavailable)
rElec    +         Reflect  .   x - +1 cloak
rCorr    .         Harm     .   i - +0 pair of gloves "Pucsaull" {rC+ rN+}
MR       +....                  (no boots)
Stlth    ..........             (no amulet)
HPRegen  0.23/turn              a - ring of flight
MPRegen  0.16/turn              v - ring of stealth

@: silenced
A: permanent stasis, dig shafts and tunnels, four strong arms, antennae 3, frail
1, strong 1
a: Dig, Shaft Self, Renounce Religion, Evoke Flight


You were on level 10 of the Dungeon.
You worshipped Lugonu.
Lugonu was greatly pleased with you.
You were near starving.

You visited 1 branch of the dungeon, and saw 10 of its levels.
You visited the Abyss 1 time.
You also visited: Sewer and Bailey.

You collected 435 gold pieces.
You spent 285 gold pieces at shops.

Inventory:

Hand Weapons
 h - a +0 quarterstaff (weapon)
 r - a +1 lajatang
 B - a +0 halberd
 D - a +0 arbalest
Missiles
 z - 49 bolts
Armour
 b - the +3 plate armour of Indemnity (worn) {-Tele *Contam rElec rN+++}
   (You acquired it on level 9 of the Dungeon)

   It insulates you from electricity.
   It renders you almost immune to negative energy.
   It prevents most forms of teleportation.
   It causes magical contamination when unequipped.
 i - the +0 pair of gloves "Pucsaull" (worn) {rC+ rN+}
   (You found it on level 8 of the Dungeon)

   It protects you from cold.
   It protects you from negative energy.
 x - a +1 cloak (worn)
Jewellery
 a - a ring of flight (left hand)
 f - a +3 ring of intelligence
 v - a ring of stealth (right hand)
Wands
 g - a wand of scattershot (4)
 s - a wand of paralysis (6)
 t - a wand of flame (26)
Scrolls
 e - 3 scrolls of remove curse
 l - 2 scrolls of enchant armour {unknown}
 n - 10 scrolls of identify
 u - 4 scrolls of fog
 A - a scroll of enchant weapon
Potions
 d - 4 potions of magic
 j - 2 potions of might
 k - a potion of curing
 w - a potion of cancellation
Comestibles
 c - 25 rations


   Skills:
 + Level 9.0 Fighting
 - Level 5.6(6.3) Polearms
 + Level 4.2(5.6) Staves
 + Level 6.2 Crossbows
 * Level 9.0 Armour
 - Level 4.6 Dodging
 + Level 9.6 Invocations


You had 10 spell levels left.
You didn't know any spells.
Your spell library contained the following spells:

 Spells                   Type           Power        Failure   Level  Hunger
 Corona                   Hex            #......      99%         1    ##.....
 Freeze                   Ice            #...         99%         1    ##.....
 Slow                     Hex            #.......     100%        2    ###....
 Throw Frost              Conj/Ice       #.....       100%        2    ###....
 Inner Flame              Hex/Fire       #.......     100%        3    ####...
 Ozocubu's Armour         Chrm/Ice       #.......     100%        3    ####...
 Portal Projectile        Hex/Tloc       #.....       100%        3    ####...
 Cause Fear               Hex            #.........   100%        4    #####..
 Leda's Liquefaction      Hex/Erth       #.........   100%        4    #####..
 Summon Ice Beast         Ice/Summ       #.......     100%        4    #####..
 Throw Icicle             Conj/Ice       #.......     100%        4    #####..


Dungeon Overview and Level Annotations

Branches:
Dungeon (10/15)            Temple (0/1) D:4
   Lair: D:8-11         Orc: D:9-12

Altars:
Cheibriados
Nemelex Xobeh
Ru
The Shining One

Shops:
D:5 [   D:7 *   D:8 *([   D:9 ?

Annotations:
D:9 1 runed door, mora's ghost, journeyman TrTm
D:10 2 transporters, corrupted
Abyss:1 Dowan, Duvessa, Pikel


Innate Abilities, Weirdness & Mutations

You cannot be hasted, slowed, berserked, paralysed or teleported.
You can dig through walls and to a lower floor.
Your four strong arms can wield two-handed weapons with a shield.
You have a pair of large antennae on your head. (SInv)
You are frail. (-10% HP)
Your muscles are strong. (Str +2)


Message History

You feel better.
The naga disappears in a puff of smoke!
The small abomination hits you but does no damage.
The quasit bites you but does no damage.
The quasit claws you but does no damage. x2
The blizzard demon hits you.
* * * LOW HITPOINT WARNING * * *
The blizzard demon hits you but does no damage.
The quasit bites you but does no damage.
The quasit claws you but does no damage.
The quasit closely misses you.
The four-headed hydra zombie bites you but does no damage. x3
The four-headed hydra zombie bites you.
* * * LOW HITPOINT WARNING * * *
Are you sure you want to shaft yourself?
You are near starving!
The deep elf mage disappears in a puff of smoke!
The naga disappears in a puff of smoke!
The sixfirhy hits you.
* * * LOW HITPOINT WARNING * * *
The sixfirhy shocks you. You resist.
You die...

#. #.##..#.#.##..#.......## #..#
#.#...8.558#5h#......... # #..#
#.#...#{x.###5##........ # #..#
#.#..X.#e#35...#......## # #..#
#.#...ZXxL5e#.........# # #..#
#.#.####3W######......# ###..#
#{...{).XxXXX.........#
.....######.#.##235XXXXX#......#
............ #X@ZsXX5##.......#
###......... #2x5XxNXhX##.##...#
# #..#####. ###.X.#..###.# ...#
# #..# {{§.3§#{... .# ..# # #..#
.....Y..#..###.# .# # #..#
........#..# # #..# ...5...5#..#
# #..# .......##..# # #..#
........#..#


You could see 10 neutral starcursed masses, 2 neutral tentacled starspawn, a
neutral lich (wandering), a neutral blizzard demon (wandering), a neutral hell
hog (wandering), 6 neutral large abominations, a neutral silent spectre
(wandering), 2 neutral deep elf magi, 2 neutral worldbinders, a neutral sixfirhy
(wandering), a neutral smoke demon (wandering), a neutral hellion (wandering), a
neutral raiju (wandering), 2 neutral neqoxecs, a neutral tarantella (wandering),
a neutral sky beast (wandering), a neutral naga (wandering), 3 neutral small
abominations, a neutral iron imp (wandering), a neutral quasit (wandering), 2
neutral crimson imps, a neutral white imp (wandering), 5 neutral ufetubi, a
neutral four-headed hydra zombie (wandering) and a neutral iron dragon zombie
(wandering).

Vanquished Creatures
  An orc knight (Bailey)
  A centaur zombie (D:10)
  Grinder (D:6)
  2 hippogriffs
  Sigmund (D:6)
  13 yaks
  A wyvern (D:9)
  An eye of draining (D:10)
  3 sky beasts
  A slave (D:4)
  5 orc warriors (Bailey)
  A phantom (D:9)
  2 ice beasts
  A black bear (D:7)
  3 ogres
  A necrophage (D:10)
  4 centaurs
  2 big kobolds
  4 bullfrogs
  A wyvern zombie (D:7)
  7 killer bees
  3 wights (D:9)
  5 crimson imps
  8 hounds
  A jelly (D:6)
  3 bullfrog skeletons
  4 orc priests
  7 orc wizards
  3 iguanas
  9 worker ants
  Ijyb (D:4)
  Terence (D:3)
  A killer bee zombie (D:9)
  2 hound skeletons
  A gnoll (Bailey)
  11 adders
  5 river rats
  3 shadow imps
  An ooze (D:3)
  3 adder skeletons
  6 adder zombies
  A dart slug (D:2)
  5 leopard geckos
  25 orcs
  5 giant cockroaches
  11 hobgoblins
  10 jackals
  22 kobolds
  3 quokkas
  6 ball pythons
  12 bats
  9 frilled lizards
  A giant cockroach zombie (D:2)
  8 goblins
  A jackal zombie (D:6)
  11 rats
264 creatures vanquished.

Vanquished Creatures (others)
  The ghost of hemabe the Covert, a journeyman HuAr of Trog (D:10)
  A skeletal warrior (D:10)
  A gargoyle (D:9)
  A vampire (D:10)
  A phantom (D:10)
  A killer bee (D:6)
  A wight (D:10)
  3 plants (D:9)
  6 starspawn tentacles (D:10)
16 creatures vanquished.

Grand Total: 280 creatures vanquished

Notes
Turn   | Place    | Note
-------+----------+-------------------------------------------
     0 | Abyss:1  | Adamkad1 the Formicid Abyssal Knight began the quest for
                  | the Orb.
     0 | Abyss:1  | Reached XP level 1. HP: 18/18 MP: 2/2
    20 | D:1      | Escaped the Abyss
   246 | D:1      | Reached skill level 1 in Dodging
   439 | D:1      | Reached XP level 2. HP: 21/24 MP: 3/3
   670 | D:2      | Reached XP level 3. HP: 25/29 MP: 3/5
   996 | D:2      | Reached ** piety under Lugonu
  1262 | D:2      | Reached XP level 4. HP: 37/37 MP: 6/6
  2225 | D:3      | Reached XP level 5. HP: 34/42 MP: 7/7
  2427 | D:3      | Noticed Terence
  2438 | D:3      | Killed Terence
  3574 | D:4      | Reached XP level 6. HP: 33/48 MP: 8/8
  4740 | D:4      | Found a staircase to the Ecumenical Temple.
  4797 | D:4      | Noticed Ijyb
  4835 | D:4      | Killed Ijyb
  4853 | D:4      | Found a glowing golden altar of the Shining One.
  4893 | D:5      | Entered Level 5 of the Dungeon
  4895 | D:5      | Found Weytargh's Antique Armour Shop.
  4901 | D:5      | Noticed Dowan
  4902 | D:5      | Noticed Duvessa
  5375 | D:5      | Reached XP level 7. HP: 45/55 MP: 10/10
  5476 | D:5      | Found a glowing drain.
  5486 | Sewer    | Entered a sewer
  5779 | Sewer    | Reached *** piety under Lugonu
  6394 | D:5      | Noticed Pikel
  6968 | D:5      | Banished Duvessa
  6968 | D:5      | Reached skill level 5 in Fighting
  7072 | D:5      | Banished Dowan
  7403 | D:6      | Reached XP level 8. HP: 60/62 MP: 11/11
  7432 | D:6      | Reached skill level 5 in Invocations
  7775 | D:6      | Reached skill level 5 in Armour
  8800 | D:6      | Noticed Sigmund
  8800 | D:6      | Noticed Grinder
  9137 | D:5      | Banished Pikel
  9137 | D:5      | Reached skill level 5 in Polearms
  9137 | D:5      | Reached skill level 1 in Crossbows
  9157 | D:5      | Gained mutation: You are frail. (-10% HP) [potion of
                  | mutation]
  9157 | D:5      | Gained mutation: Your muscles are strong. (Str +2) [potion
                  | of mutation]
  9228 | D:6      | Killed Grinder
  9228 | D:6      | Reached XP level 9. HP: 60/62 MP: 13/13
  9237 | D:6      | Killed Sigmund
  9835 | D:6      | HP: 3/63 [poisoned by a killer bee]
  9842 | D:6      | HP: 3/63 [poisoned by a killer bee]
  9850 | D:6      | HP: 2/63 [poisoned by a killer bee]
 10423 | D:7      | Found Soupukudgh's General Store.
 10549 | D:5      | Bought a jacinth-encrusted chain mail for 285 gold pieces
 10554 | D:5      | Identified the +7 chain mail "Zakhan" {rF+} (You bought it
                  | in a shop on level 5 of the Dungeon)
 10756 | D:7      | Reached skill level 1 in Staves
 11224 | D:8      | Found Reilill's Antique Weapon Boutique.
 11429 | D:8      | Found Fuapuem's Armour Boutique.
 11439 | D:8      | Reached XP level 10. HP: 59/71 MP: 15/15
 11596 | D:8      | Found a sparkling altar of Nemelex Xobeh.
 11674 | D:8      | Reached **** piety under Lugonu
 11686 | D:8      | Found a sacrificial altar of Ru.
 11715 | D:8      | Got a pair of dazzling gloves
 11972 | D:8      | Found Cegymezonn's Assorted Antiques.
 12740 | D:9      | Found a runed door.
 12740 | D:9      | Identified the +8 spear of Kadoafro {pierce, *Noise Str+2
                  | Dex+3}
 12741 | D:9      | Noticed mora's ghost (journeyman TrTm)
 12751 | D:9      | Identified a scroll of acquirement
 12752 | D:9      | Got a faintly glowing plate armour
 12763 | D:9      | Identified the +3 plate armour of Indemnity {-Tele *Contam
                  | rElec rN+++} (You acquired it on level 9 of the Dungeon)
 12773 | D:9      | Identified the +0 pair of gloves "Pucsaull" {rC+ rN+} (You
                  | found it on level 8 of the Dungeon)
 12848 | D:9      | Found Lazogyho's Magic Scroll Shoppe.
 12879 | D:9      | Found a flagged portal.
 12909 | Bailey   | Entered a bailey
 12979 | Bailey   | Upgraded the game from 0.23-a0-767-gdc19b93d68 to
                  | 0.24-a0-7-g1bb0902669
 12984 | Bailey   | Noticed an orc knight
 13406 | Bailey   | Found the +4 dagger "Morg" {pain, MR+ Int+5}
 13483 | Bailey   | Killed an orc knight
 13483 | Bailey   | Reached ***** piety under Lugonu
 13483 | Bailey   | Reached skill level 5 in Crossbows
 14014 | D:9      | Noticed a gargoyle
 14027 | D:9      | Banished a gargoyle
 14314 | D:9      | Reached XP level 11. HP: 77/78 MP: 17/17
 14364 | D:9      | Found a snail-covered altar of Cheibriados.
 14971 | D:10     | Entered Level 10 of the Dungeon
 16074 | D:10     | Noticed a skeletal warrior
 16078 | D:10     | Found a transporter.
 16078 | D:10     | Noticed hemabe's ghost (journeyman HuAr)
 16089 | D:10     | Found a transporter.
 16509 | D:10     | Corrupted D:10
 16509 | D:10     | Noticed a sixfirhy
 16509 | D:10     | Noticed a tentacled starspawn
 16509 | D:10     | Noticed a hell hog
 16509 | D:10     | Noticed a starcursed mass
 16509 | D:10     | Noticed a tentacled starspawn
 16509 | D:10     | Noticed a blizzard demon
 16509 | D:10     | Noticed a lich
 16509 | D:10     | Noticed a worldbinder
 16509 | D:10     | Noticed a worldbinder
 16509 | D:10     | Noticed a starcursed mass
 16512 | D:10     | Noticed a deep elf mage
 16513 | D:10     | Noticed a deep elf mage
 16513 | D:10     | Killed hemabe's ghost
 16515 | D:10     | Noticed a sixfirhy
 16516 | D:10     | Noticed a deep elf mage
 16516 | D:10     | Noticed a deep elf mage
 16518 | D:10     | Killed a skeletal warrior
 16519 | D:10     | HP: 4/80 [four-headed hydra zombie[Lugonu's corruption]
                  | (6)]
 16520 | D:10     | Slain by a sixfirhy

Vault maps used:
D:1:      matt_arrival_los_fun
D:3:      first_ration, kennysheep_minor_cross, uniq_terence
D:4:      minmay_temple_entry_fiery, nicolae_tso_swordbearing_angel, uniq_ijyb
D:5:      portal_sewer_entry_a, serial_shops,
          nicolae_shop_temple_entry_statues_fountains, uniq_pikel, uniq_duvessa
D:6:      uniq_sigmund, uniq_grinder
D:7:      serial_shops, shop, grunt_ogre_cave
D:8:      lemuel_round_altar, serial_shops, shop_statue, nicolae_shop_stone,
          shop, nicolae_ru_sacrificial_ziggurat
D:9:      serial_shops, kennysheep_little_box, ebering_ghost_funeral_grove,
          enter_bailey_2, basic_altar
D:10:     gammafunk_ghost_mausoleum, serial_shops, shop, grunt_decor_clamped
Sewer:    sewer_co_cracked_pipes
Bailey:   bailey_axe_4, bailey

Skill      XL: |  1  2  3  4  5  6  7  8  9 10 11 |
---------------+----------------------------------+-----
Dodging        | 1 2 3 4 |  4.6
Invocations    | 3 4 6 7 8 9 |  9.6
Armour         | 3 4 5 6 8 9 |  9.0
Fighting       | 4 5 6 7 8 9 |  9.0
Polearms       | 3 4 5 |  5.6
Crossbows      | 1 3 5 6 |  6.2
Staves         | 1 2 4 |  4.2

Action                   |  1- 3 |  4- 6 |  7- 9 | 10-12 || total
-------------------------+-------+-------+-------+-------++-------
Melee: Spear             |   108 |   277 |   315 |       ||   700
       Unarmed           |       |    22 |       |       ||    22
       Halberd           |       |       |    97 |    60 ||   157
       Lajatang          |       |       |    91 |   153 ||   244
       Quarterstaff      |       |       |       |   393 ||   393
 Fire: Arbalest          |       |       |       |    42 ||    42
Throw: Tomahawk          |       |       |       |     5 ||     5
Invok: Bend Space        |       |     1 |     1 |       ||     2
       Banish            |       |       |     5 |     1 ||     6
       Corrupt           |       |       |       |     1 ||     1
 Abil: Dig               |       |       |     5 |       ||     5
       Evoke Flight      |       |       |       |     1 ||     1
       Shaft Self        |       |       |       |     1 ||     1
  Use: Potion            |       |     3 |     7 |     4 ||    14
       Scroll            |       |       |    11 |     3 ||    14
 Stab: Sleeping          |       |       |     7 |       ||     7
  Eat: Chunk             |     1 |     9 |    16 |    14 ||    40
       Ration            |       |     1 |     2 |     1 ||     4
Armor: Leather armour    |    28 |    38 |   127 |       ||   193
       Skin              |       |     2 |       |    39 ||    41
       Chain mail        |       |       |    25 |   138 ||   163
       Plate armour      |       |       |       |   247 ||   247
Dodge: Dodged            |    60 |   143 |   319 |   274 ||   796

Table legend:
 A = Non-vault XP
 B = Vault XP
 C = Vault XP percentage of total XP
 D = Non-vault monster count
 E = Vault monster count
 F = Vault count percentage of total count
                 A         B        C        D         E       F
            +---------+---------+-------+---------+---------+-------
      Total |    9471 |    2494 |  20.8 |     205 |      63 |  23.5
            +---------+---------+-------+---------+---------+-------
        D:1 |      11 |       0 |   0.0 |       9 |       0 |   0.0
        D:2 |      99 |       0 |   0.0 |      25 |       0 |   0.0
        D:3 |     127 |      32 |  20.1 |      21 |       1 |   4.5
        D:4 |     143 |      48 |  25.1 |       8 |       2 |  20.0
        D:5 |     298 |     438 |  59.5 |      10 |       7 |  41.2
        D:6 |     682 |     492 |  41.9 |      26 |       2 |   7.1
        D:7 |    1334 |     121 |   8.3 |      22 |       1 |   4.3
        D:8 |     886 |       0 |   0.0 |      26 |       0 |   0.0
        D:9 |    2989 |       0 |   0.0 |      36 |       0 |   0.0
       D:10 |    2902 |       0 |   0.0 |      22 |       0 |   0.0
      Sewer |       0 |      59 | 100.0 |       0 |      23 | 100.0
     Bailey |       0 |    1304 | 100.0 |       0 |      27 | 100.0
            +---------+---------+-------+---------+---------+-------
